SA
KENNESAW JETS @ MANCELONA TORCH
06/02/2026
 
TOP OF THE 1ST
Kennesaw Jets batting - Pitching for Mancelona Torch : RHP Júlio Vázquez
Pitching: RHP Júlio Vázquez
Batting: RHB Raúl Francisco 0-0: SINGLE (Groundball, 6D)
Batting: SHB Pedro Ortega 0-0: Ball
1-0: Called Strike
1-1: Foul Ball, location: 2F
1-2: Ball
2-2: Strikes out looking
Batting: LHB Pedro Corona 0-0: Ball
1-0: Swinging Strike
1-1: Ball
Raúl Francisco steals 2nd base
2-1: Ball
Raúl Francisco steals 3rd base
3-1: Fly out, F4 (Line Drive, 4)
Batting: RHB José Leyva 0-0: Called Strike
0-1: Ground out 6-3 (Groundball, 6)
Top of the 1st over - 0 run(s), 1 hit(s), 0 error(s), 1 left on base; Kennesaw 0 - Mancelona 0
BOTTOM OF THE 1ST
Mancelona Torch batting - Pitching for Kennesaw Jets : RHP José López
Pitching: RHP José López
Batting: RHB José Córdova 0-0: Ball
1-0: SINGLE (Groundball, 6M) (infield hit)
Batting: RHB Blake Snow 0-0: Foul Ball, location: 2F
0-1: Called Strike
0-2: Ball
1-2: Ball
2-2: Fly out, F9 (Flyball, 9)
Batting: RHB Todd Sentell 0-0: Ball
1-0: Ball
2-0: Ball
3-0: Base on Balls
José Córdova to second
Batting: LHB José Valéncia 0-0: Ball
1-0: Ball
2-0: Called Strike
2-1: Fielders Choice at 2nd, 4-6 (Groundball, 4)
José Córdova to third
Batting: RHB Armando Pacheco 0-0: Called Strike
0-1: Called Strike
0-2: Ball
1-2: Foul Ball, location: 2F
1-2: Ball
2-2: Foul Ball, location: 2F
2-2: Foul Ball, location: 2F
2-2: Ball
3-2: Strikes out looking
Bottom of the 1st over - 0 run(s), 1 hit(s), 0 error(s), 2 left on base; Kennesaw 0 - Mancelona 0
TOP OF THE 2ND
Kennesaw Jets batting - Pitching for Mancelona Torch : RHP Júlio Vázquez
Batting: RHB Omar Durán 0-0: Called Strike
0-1: Foul Ball, location: 2F
0-2: Fly out, F9 (Flyball, 89D)
Batting: RHB Bernardo Martínez 0-0: Ball
1-0: Ball
2-0: Fly out, F9 (Flyball, 9S)
Batting: RHB Vic Richards 0-0: Foul Ball, location: 2F
0-1: DOUBLE (Line Drive, 78XD)
Batting: RHB Bartolo Rosas 0-0: Fly out, F9 (Flyball, 9LSF)
Top of the 2nd over - 0 run(s), 1 hit(s), 0 error(s), 1 left on base; Kennesaw 0 - Mancelona 0
BOTTOM OF THE 2ND
Mancelona Torch batting - Pitching for Kennesaw Jets : RHP José López
Batting: RHB Juan Hernández 0-0: Ball
1-0: SINGLE (Groundball, 6MD)
Batting: SHB Tony Walsh 0-0: Ground out 4-3 (Groundball, 34)
Juan Hernández to second
Batting: RHB Kyle Vandenbrink 0-0: Called Strike
0-1: Ball
1-1: Ball
2-1: Called Strike
2-2: Ball
3-2: Base on Balls
Batting: LHB Yataro Matsuura 0-0: Grounds into double play, 6-4-3 (Groundball, 6M)
Bottom of the 2nd over - 0 run(s), 1 hit(s), 0 error(s), 1 left on base; Kennesaw 0 - Mancelona 0
TOP OF THE 3RD
Kennesaw Jets batting - Pitching for Mancelona Torch : RHP Júlio Vázquez
Batting: LHB Manuel Márquez 0-0: Ball
1-0: Called Strike
1-1: Ball
2-1: Fly out, F8 (Flyball, 8LM)
Batting: RHB Raúl Francisco 0-0: Fly out, F9 (Flyball, 9S)
Batting: SHB Pedro Ortega 0-0: Fly out, F8 (Flyball, 8RS)
Top of the 3rd over - 0 run(s), 0 hit(s), 0 error(s), 0 left on base; Kennesaw 0 - Mancelona 0
BOTTOM OF THE 3RD
Mancelona Torch batting - Pitching for Kennesaw Jets : RHP José López
Batting: RHB José Córdova 0-0: Called Strike
0-1: Called Strike
0-2: Ball
1-2: Fly out, F9 (Flyball, 9S)
Batting: RHB Blake Snow 0-0: Ball
1-0: Foul Ball, location: 2F
1-1: Ball
2-1: Swinging Strike
2-2: Foul Ball, location: 2F
2-2: Ball
3-2: Strikes out looking
Batting: RHB Todd Sentell 0-0: SINGLE (Line Drive, 78S)
Batting: LHB José Valéncia 0-0: Ball
1-0: Ball
Todd Sentell is caught stealing 2nd base
Bottom of the 3rd over - 0 run(s), 1 hit(s), 0 error(s), 0 left on base; Kennesaw 0 - Mancelona 0
TOP OF THE 4TH
Kennesaw Jets batting - Pitching for Mancelona Torch : RHP Júlio Vázquez
Batting: LHB Pedro Corona 0-0: Called Strike
0-1: Called Strike
0-2: Ball
1-2: Foul Ball, location: 2F
1-2: Ball
2-2: Foul Ball, location: 2F
2-2: Foul Ball, location: 2F
2-2: Fly out, F8 (Flyball, 89D)
Batting: RHB José Leyva 0-0: Fly out, F2 (Popup, P)
Batting: RHB Omar Durán 0-0: Fly out, F8 (Flyball, 8RM)
Top of the 4th over - 0 run(s), 0 hit(s), 0 error(s), 0 left on base; Kennesaw 0 - Mancelona 0
BOTTOM OF THE 4TH
Mancelona Torch batting - Pitching for Kennesaw Jets : RHP José López
Batting: LHB José Valéncia 0-0: Called Strike
0-1: Ground out 3-1 (Groundball, 34S)
Batting: RHB Armando Pacheco 0-0: Foul Ball, location: 2F
0-1: Fly out, F8 (Flyball, 8RM)
Batting: RHB Juan Hernández 0-0: Called Strike
0-1: Fly out, F7 (Flyball, 7S)
Bottom of the 4th over - 0 run(s), 0 hit(s), 0 error(s), 0 left on base; Kennesaw 0 - Mancelona 0
TOP OF THE 5TH
Kennesaw Jets batting - Pitching for Mancelona Torch : RHP Júlio Vázquez
Batting: RHB Bernardo Martínez 0-0: Ball
1-0: Ball
2-0: Called Strike
2-1: Fly out, F9 (Flyball, 9LMF)
Batting: RHB Vic Richards 0-0: Called Strike
0-1: Called Strike
0-2: Ball
1-2: Ball
2-2: Strikes out looking
Batting: RHB Bartolo Rosas 0-0: Ball
1-0: Foul Ball, location: 2F
1-1: Fly out, F9 (Flyball, 89M)
Top of the 5th over - 0 run(s), 0 hit(s), 0 error(s), 0 left on base; Kennesaw 0 - Mancelona 0
BOTTOM OF THE 5TH
Mancelona Torch batting - Pitching for Kennesaw Jets : RHP José López
Batting: SHB Tony Walsh 0-0: Fly out, F8 (Flyball, 8LXD)
Batting: RHB Kyle Vandenbrink 0-0: Ball
1-0: Ball
2-0: Ground out 4-3 (Groundball, 4S)
Batting: LHB Yataro Matsuura 0-0: Ball
1-0: Fly out, F9 (Flyball, 9S)
Bottom of the 5th over - 0 run(s), 0 hit(s), 0 error(s), 0 left on base; Kennesaw 0 - Mancelona 0
TOP OF THE 6TH
Kennesaw Jets batting - Pitching for Mancelona Torch : RHP Júlio Vázquez
Batting: LHB Manuel Márquez 0-0: Ball
1-0: Foul Ball, location: 2F
1-1: Foul Ball, location: 2F
1-2: Strikes out swinging
Batting: RHB Raúl Francisco 0-0: Ball
1-0: SINGLE (Line Drive, 5D)
Batting: SHB Pedro Ortega 0-0: Ball
Passed Ball!
Raúl Francisco to second
1-0: Foul Ball, location: 2F
1-1: Called Strike
1-2: Foul Ball, location: 2F
1-2: Foul Ball, location: 2F
1-2: Ball
2-2: Strikes out swinging
Batting: LHB Pedro Corona 0-0: Ball
1-0: Ground out U3 (Groundball, 34S)
Top of the 6th over - 0 run(s), 1 hit(s), 0 error(s), 1 left on base; Kennesaw 0 - Mancelona 0
BOTTOM OF THE 6TH
Mancelona Torch batting - Pitching for Kennesaw Jets : RHP José López
Batting: RHB José Córdova 0-0: Foul Ball, location: 2F
0-1: Swinging Strike
0-2: Ball
1-2: Foul Ball, location: 2F
1-2: Foul Ball, location: 2F
1-2: Strikes out swinging
Batting: RHB Blake Snow 0-0: Ball
1-0: Foul Ball, location: 2F
1-1: Foul Ball, location: 2F
1-2: Reached on error, E5 (Groundball, 56)
Batting: RHB Todd Sentell 0-0: Ball
1-0: Ball
2-0: Called Strike
2-1: Ball
3-1: TRIPLE (Flyball, 8RD)
Blake Snow scores
Batting: LHB José Valéncia 0-0: Intentional Walk
Batting: RHB Armando Pacheco 0-0: Called Strike
0-1: Called Strike
José Valéncia is caught stealing 2nd base
0-2: Ball
1-2: Foul Ball, location: 2F
1-2: SINGLE (Line Drive, 6MD)
Todd Sentell scores
Batting: RHB Juan Hernández 0-0: Ball
1-0: Fielders Choice at 2nd, 4-6 (Groundball, 4)
Bottom of the 6th over - 2 run(s), 2 hit(s), 1 error(s), 0 left on base; Kennesaw 0 - Mancelona 2
TOP OF THE 7TH
Kennesaw Jets batting - Pitching for Mancelona Torch : RHP Júlio Vázquez
Batting: RHB José Leyva 0-0: Ball
1-0: Called Strike
1-1: Ground out 5-3 (Groundball, 5)
Batting: RHB Omar Durán 0-0: Called Strike
0-1: Foul Ball, location: 2F
0-2: Ball
1-2: Strikes out swinging, 2-3 out at first.
Batting: RHB Bernardo Martínez 0-0: SINGLE (Line Drive, 7LS)
Batting: RHB Vic Richards 0-0: Foul Ball, location: 2F
0-1: Foul Ball, location: 2F
0-2: Foul Ball, location: 2F
0-2: Fly out, F5 (Popup, 5L)
Top of the 7th over - 0 run(s), 1 hit(s), 0 error(s), 1 left on base; Kennesaw 0 - Mancelona 2
BOTTOM OF THE 7TH
Mancelona Torch batting - Pitching for Kennesaw Jets : RHP José López
Batting: SHB Tony Walsh 0-0: Swinging Strike
0-1: Ball
1-1: Foul Ball, location: 2F
1-2: Ball
2-2: Strikes out swinging
Batting: RHB Kyle Vandenbrink 0-0: Ball
1-0: Foul Ball, location: 2F
1-1: Ball
2-1: Swinging Strike
2-2: Foul Ball, location: 2F
2-2: Strikes out swinging
Batting: LHB Yataro Matsuura 0-0: Ball
1-0: SINGLE (Line Drive, 4D)
Batting: RHB José Córdova 0-0: Foul Ball, location: 2F
0-1: Foul Ball, location: 2F
0-2: Strikes out swinging
Bottom of the 7th over - 0 run(s), 1 hit(s), 0 error(s), 1 left on base; Kennesaw 0 - Mancelona 2
TOP OF THE 8TH
Kennesaw Jets batting - Pitching for Mancelona Torch : RHP Júlio Vázquez
Batting: RHB Bartolo Rosas 0-0: Called Strike
0-1: Ball
1-1: Swinging Strike
1-2: Ball
2-2: Fly out, F9 (Flyball, 9LMF)
Batting: LHB Manuel Márquez 0-0: Ball
1-0: Ball
2-0: Ball
3-0: Called Strike
3-1: Called Strike
3-2: Base on Balls
Batting: RHB Raúl Francisco 0-0: Fly out, F7 (Line Drive, 7)
Batting: SHB Pedro Ortega 0-0: Called Strike
0-1: Ball
1-1: Ball
2-1: Foul Ball, location: 2F
2-2: Ground out 3-1 (Groundball, 34S)
Top of the 8th over - 0 run(s), 0 hit(s), 0 error(s), 1 left on base; Kennesaw 0 - Mancelona 2
BOTTOM OF THE 8TH
Mancelona Torch batting - Pitching for Kennesaw Jets : RHP José López
Batting: RHB Blake Snow 0-0: SINGLE (Line Drive, 56)
Batting: RHB Todd Sentell 0-0: Swinging Strike
0-1: Ground out U3 (Groundball, 34S)
Blake Snow to second
Batting: LHB José Valéncia 0-0: Intentional Walk
Pinch Hitting: LHB José Hernández 0-0: Ball
1-0: Swinging Strike
1-1: Fielders Choice at 2nd, 5-4 (Groundball, 56)
Blake Snow to third
Pinch Hitting: LHB Jim Unknown 0-0: Swinging Strike
0-1: Ball
1-1: Ball
2-1: Fly out, F8 (Flyball, 8RM)
Bottom of the 8th over - 0 run(s), 1 hit(s), 0 error(s), 2 left on base; Kennesaw 0 - Mancelona 2
TOP OF THE 9TH
Kennesaw Jets batting - Pitching for Mancelona Torch : RHP Júlio Vázquez
Now at 3B: Jim Unknown
Now in RF: José Hernández
Batting: LHB Pedro Corona 0-0: Foul Ball, location: 2F
0-1: Ball
1-1: Fly out, F7 (Flyball, 7)
Batting: RHB José Leyva 0-0: Ground out 6-3 (Groundball, 6)
Batting: RHB Omar Durán 0-0: Called Strike
0-1: Ball
1-1: SINGLE (Groundball, 34D)
Pinch Hitting: LHB Jim Unknown 0-0: Ball
1-0: Ball
2-0: Ball
3-0: Base on Balls
Omar Durán to second
Batting: RHB Vic Richards 0-0: Ball
1-0: Ball
2-0: Foul Ball, location: 2F
2-1: Foul Ball, location: 2F
2-2: Foul Ball, location: 2F
2-2: Fly out, F5 (Popup, 5)
Top of the 9th over - 0 run(s), 1 hit(s), 0 error(s), 2 left on base; Kennesaw 0 - Mancelona 2
Monday, March 20th, 2017 - OOTP Baseball 17.12 Build 75